 Dungeon Crawl Stone Soup version 0.30.1 (webtiles) character file.

Game seed: 2074923935032603614

3836 wingedge the Caller (level 9, -3/66 (70) HPs)
             Began as a Demigod Wanderer on July 6, 2023.
             Slain by a wight
             ... wielding a +2 spear of venom
              (4 damage)
             ... on level 8 of the Dungeon on July 7, 2023.
             The game lasted 00:43:32 (10260 turns).

wingedge the Caller (Demigod Wanderer)             Turns: 10260, Time: 00:43:32

HP:   -3/66 (70)    AC: 14    Str: 14    XL:     9   Next: 66%
MP:   5/18          EV: 10    Int: 25    God:
Gold: 742           SH:  4    Dex: 13    Spells: 11/16 levels left

rFire   x . .        a - +2 hand axe (elec)
rCold   + . .        D - +0 buckler
rNeg    . . .        L - +5 ring mail
rPois   .            n - +0 helmet
rElec   .            x - +0 cloak
rCorr   .            E - +0 pair of gloves
SInv    .            (no boots)
Will    .....        (no amulet)
Stlth   +            C - ring of wizardry
HPRegen 0.31/turn    O - ring of ice
MPRegen 0.16/turn

%: wizardry (x1)
@: lethally poisoned (-3 -> -7), drained
A: high MP 1, forlorn, divine attributes
a: no special abilities


You were on level 8 of the Dungeon.
You visited 1 branch of the dungeon, and saw 8 of its levels.

You collected 781 gold pieces.
You spent 39 gold pieces at shops.

Inventory:

Hand Weapons
 a - a +2 hand axe of electrocution (weapon)
 b - a +0 broad axe
 G - a +0 heavy battleaxe
Missiles
 y - 2 curare-tipped darts (quivered)
Armour
 n - a +0 helmet (worn)
 x - a +0 cloak (worn)
 D - a +0 buckler (worn)
 E - a +0 pair of gloves (worn)
 L - a +5 ring mail (worn)
Jewellery
 e - a ring of protection from cold
 m - a ring of wizardry
 v - a ring of fire
 C - a ring of wizardry (left hand)
 M - a ring of protection from fire
 O - a ring of ice (right hand)
Wands
 s - a wand of iceblast (4)
 I - a wand of polymorph (4)
 N - a wand of quicksilver (11)
Scrolls
 c - 2 scrolls of vulnerability {unknown}
 g - 2 scrolls of blinking
 h - 2 scrolls of fear {unknown}
 k - 5 scrolls of teleportation
 l - 4 scrolls of immolation
 q - a scroll of amnesia
 t - 2 scrolls of enchant armour
 w - 2 scrolls of enchant weapon {unknown}
 F - a scroll of butterflies {unknown}
 J - a scroll of poison {unknown}
Potions
 d - a potion of flight {unknown}
 f - 2 potions of berserk rage {unknown}
 i - a potion of ambrosia {unknown}
 j - 3 potions of magic {unknown}
 o - 4 potions of attraction
 p - 2 potions of might {unknown}
 r - 2 potions of resistance {unknown}
 u - a potion of invisibility {unknown}
 A - 2 potions of curing
 B - 2 potions of degeneration {unknown}
 H - a potion of lignification {unknown}
 K - a potion of mutation {unknown}


   Skills:
 + Level 3.4 Fighting
 + Level 5.8 Axes
 + Level 3.4 Armour
 - Level 1.0 Dodging
 - Level 1.0 Stealth
 - Level 1.0 Shields
 - Level 4.0 Spellcasting
 - Level 7.0 Summonings
 - Level 1.7 Transmutations
 - Level 7.0 Ice Magic


You had 11 spell levels left.
You knew the following spells:

 Your Spells              Type           Power      Damage    Failure   Level
a - Freeze                Ice            100%       1d10      1%          1
b - Summon Ice Beast      Ice/Summ       56%        N/A       6%          4

Your spell library contained the following spells:

 Spells                   Type           Power      Damage    Failure   Level
 Ensorcelled Hibernation  Hex/Ice        66%        N/A       3%          2
 Beastly Appendage        Tmut           26%        N/A       4%          1
 Shock                    Conj/Air       20%        1d4       10%         1
 Ignite Poison            Fire/Tmut/Pois 7%         N/A       22%         3
 Vhi's Electric Charge    Tloc/Air       10%        N/A       28%         3
 Arcjolt                  Conj/Air       2%         1d12      92%         5
 Eringya's Noxious Bog    Tmut/Pois      4%         N/A       100%        6
 Plasma Beam              Fire/Air       2%         2x1d14    100%        6


Dungeon Overview and Level Annotations

Branches:
Dungeon (8/15)             Temple (0/1) D:6
   Lair: D:8-11

Shops:
D:4 *


Innate Abilities, Weirdness & Mutations

You have an increased reservoir of magic. (+10% MP)
You shall have no god before yourself.
Your divine heritage dramatically boosts your attributes as you level up.


Message History

The wight hits you from afar with a +2 spear of venom.
You are more poisoned.
The orc warrior throws a stone.
The stone hits you.
You feel better.
The centaur hits you with a +0 long sword.
The centaur kicks you but does no damage.
The wight hits you but does no damage.
You are poisoned.
The centaur barely misses you. The centaur misses you.
Casting: Freeze (safe; 1% risk of failure)
Confirm with . or Enter, or press ? or * to list all spells.
Aiming: Freeze (safe; 1% risk of failure)
Press: ? - help, Shift-Dir - straight line, f/p - centaur
Aim: a centaur, wielding a +0 long sword and wearing a ring of protection from cold (lightly wounded)
You feel a surge of power!
You freeze the centaur.
The centaur resists.
The centaur is lightly wounded.
You feel very sick. The centaur misses you. The centaur closely misses you.
The wight barely misses you.
The orc warrior throws a stone.
The stone hits you but does no damage.
Press: ? - help, v - describe, . - travel, g - get item
Here: a centaur, wielding a +0 long sword and wearing a ring of protection from cold (lightly wounded) Item here: +0 steam dragon scales.
The floor.
You feel sick.
The centaur hits you with a +0 long sword.
* * * LOW HITPOINT WARNING * * *
The centaur kicks you but does no damage.
You block the centaur's attack.
The centaur kicks you but does no damage.
Items here: )) [ ÷.
You feel sick.
The centaur unwields a +0 long sword.
The centaur wields a +0 shortbow.
The centaur shoots an arrow.
The arrow hits you.
* * * LOW HITPOINT WARNING * * *
There is a stone staircase leading up, spattered with blood here.
You feel sick.
The centaur shoots an arrow.
The arrow hits you.
* * * LOW HITPOINT WARNING * * *
The wight hits you from afar with a +2 spear of venom.
You die...

.. #....(....#......
#...<... .
#.............#
#.......
#..##..........#
#...####
...###...........##
..... #..
##.>......)..# #....#
#.
#.....)=.o..#...#....
#. #.......cz..#
..#.#.. ##......))#.#
#.... #....)))@#.#
≈≈~...~~~)##.#
~##'''##≈## .#. #....
#≈. )#.# #.... #≈#.
.# #... #≈#.# #...
#≈# . #.. #≈# .. #≈


You could see an orc warrior, a centaur and a wight.

Vanquished Creatures
  A nameless horror (D:7)
  2 yaks (D:7)
  A steam dragon (D:8)
  A water moccasin (D:5)
  An ice beast (D:6)
  3 orc warriors (D:8)
  A sky beast (D:7)
  A centaur (D:7)
  A gnoll sergeant (D:8)
  2 bullfrogs
  4 wights (D:8)
  4 hounds
  3 orc priests
  A sleepcap (D:7)
  A gnoll bouda (D:7)
  An iguana (D:4)
  4 orc wizards
  14 gnolls
  9 adders
  A worm (D:2)
  A dart slug (D:2)
  14 orcs
  9 endoplasms
  4 giant cockroaches
  8 goblins
  13 hobgoblins
  13 jackals (D:4)
  3 quokkas
  5 ball pythons
  7 bats
  5 frilled lizards
  14 kobolds
  4 rats
156 creatures vanquished.

Vanquished Creatures (collateral kills)
  Prince Ribbit (D:5)
  A sky beast (D:7)
  An ogre (D:4)
  A black bear (D:5)
  3 kobold brigands
  A bullfrog (D:8)
  3 scorpions
  A wight (D:8)
  2 howler monkeys
  3 orc priests
  4 hounds
  2 jellies
  A sleepcap (D:7)
  An orc wizard (D:8)
  3 adders
  20 gnolls
  A shadow imp (D:5)
  A worm (D:5)
  29 orcs
  7 kobolds
86 creatures vanquished.

Vanquished Creatures (others)
  A kobold (D:8)
1 creature vanquished.

Grand Total: 243 creatures vanquished

Notes
Turn   | Place    | Note
-------+----------+-------------------------------------------
     0 | D:1      | wingedge the Demigod Wanderer began the quest for the Orb.
     0 | D:1      | wingedge set off with the following items: a +0 dagger, a
                  | scroll of teleportation, a +0 robe, a +0 buckler; and the
                  | following spells available to memorise: Freeze, Beastly
                  | Appendage, Ensorcelled Hibernation, Ignite Poison, Summon
                  | Ice Beast.
     0 | D:1      | Reached XP level 1. HP: 16/16 MP: 4/4
     2 | D:1      | Learned a level 1 spell: Freeze
   205 | D:1      | Reached XP level 2. HP: 23/23 MP: 1/6
  1020 | D:2      | Reached XP level 3. HP: 17/28 MP: 0/9
  1546 | D:2      | Reached XP level 4. HP: 35/35 MP: 8/11
  2719 | D:3      | Reached XP level 5. HP: 41/41 MP: 10/12
  2916 | D:4      | Found Plog's General Store.
  2984 | D:4      | Bought a potion of curing for 39 gold pieces
  3288 | D:4      | Reached skill level 1 in Summonings
  3452 | D:4      | Learned a level 4 spell: Summon Ice Beast
  4179 | D:4      | Reached XP level 6. HP: 49/49 MP: 7/14
  4213 | D:4      | Reached skill level 1 in Armour
  4325 | D:4      | Reached skill level 1 in Axes
  4885 | D:4      | Reached XP level 7. HP: 50/57 MP: 9/16
  5517 | D:5      | Entered Level 5 of the Dungeon
  6150 | D:5      | Reached skill level 5 in Summonings
  6150 | D:5      | Reached skill level 5 in Ice Magic
  6498 | D:5      | Noticed Prince Ribbit
  6504 | D:5      | Killed Prince Ribbit
  6505 | D:5      | Reached XP level 8. HP: 63/63 MP: 12/17
  6545 | D:5      | Got the Disquisition on the Charged Stinger
  7543 | D:6      | Found a staircase to the Ecumenical Temple.
  8128 | D:7      | Noticed a nameless horror
  8142 | D:7      | Killed a nameless horror
  8527 | D:7      | Reached XP level 9. HP: 69/69 MP: 10/18
  9984 | D:8      | Reached skill level 5 in Axes
 10260 | D:8      | HP: 1/66 [centaur/arrow (6)]
 10260 | D:8      | Slain by a wight

Illustrated notes

Levels and vault maps discovered:
D:1:      grunt_arrival_lava_bath, layout_basic
D:2:      layout_loops_ring, ebering_ecumenical_altar_ruins, minivault_19,
          minmay_tromino_mix6
D:3:      wander_river, layout_rooms, amcnicky_altar_gilded
D:4:      lemuel_castle_with_subvaults [lemuel_castle_interior_original],
          layout_basic, serial_shops, nicolae_diamond_shop
D:5:      layout_basic, uniq_prince_ribbit1
D:6:      layout_cave_pools, minmay_temple_entry_statues_fountains
D:7:      layout_basic, minmay_between
D:8:      minmay_the_grid_octo_triangle [minmay_the_grid_octo_horde,
          minmay_the_grid_octo_prize_star, minmay_the_grid_octo_thin_diamonds],
          layout_cave_pools, serial_co_window_serial, co_window_paths_b,
          co_window_paths_a, co_window_paths_a, co_window_of_opportunity_a,
          co_window_paths_a, co_window_corner_cb, co_window_2corner,
          co_window_broadway_b, co_window_corner_cb, co_window_unsneaky_path_a,
          co_window_unsneaky_path_d, glass_columns_c, glass_columns_a,
          minmay_orc_keep

Skill      XL: |  1  2  3  4  5  6  7  8  9 |
---------------+----------------------------+-----
Ice Magic      | 3 4 5 6 7 |  7.0
Spellcasting   | 2 3 4 |  4.0
Fighting       | 2 3 |  3.4
Summonings     | 1 3 5 6 7 |  7.0
Armour         | 1 2 3 |  3.4
Axes           | 1 3 5 |  5.8
Dodging        | |  1.0
Stealth        | |  1.0
Shields        | |  1.0
Transmutations | |  1.7

Action                     |  1- 3 |  4- 6 |  7- 9 || total
---------------------------+-------+-------+-------++-------
  Melee: Dagger            |    12 |     3 |       ||    15
         Hand axe          |       |     5 |    81 ||    86
   Cast: Freeze            |    57 |   135 |    84 ||   276
         Summon Ice Beast  |       |    11 |    48 ||    59
  Evoke: Wand              |       |       |     2 ||     2
    Use: Scroll            |       |       |     9 ||     9
         Potion            |       |       |     4 ||     4
   Stab: Sleeping          |     3 |       |     2 ||     5
 Armour: Robe              |     7 |     7 |       ||    14
         Leather armour    |       |    14 |     8 ||    22
         Ring mail         |       |       |    93 ||    93
  Dodge: Dodged            |    31 |    54 |    99 ||   184
  Block: Buckler           |     6 |    25 |    30 ||    61
